 Dungeon Sprint DCSS version 0.22-a0-362-g535178c5c5 (webtiles) character file.

20378 KillingSpree the Swashbuckler (level 12, 0/106 HPs)
             Began as a Spriggan Berserker on Apr 21, 2018.
             Was the Champion of Trog.
             Engulfed by a ghost crab's spectral mist (3 damage)
             ... in the Dungeon (Sprint IX: "|||||||||||||||||||||||||||||").
             The game lasted 00:08:32 (3191 turns).

KillingSpree the Swashbuckler (Spriggan Berserker)  Turns: 3191, Time: 00:08:33

Health: 0/106      AC:  4    Str: 18    XL:     12   Next: 44%
Magic:  13/13      EV: 35    Int: 10    God:    Trog [******]
Gold:   107        SH:  8    Dex: 19    Spells: 11/11 levels left

rFire    . . .     SeeInvis +   m - +2 rapier (elec)
rCold    + . .     Gourm    .   (shield restricted)
rNeg     . . .     Faith    .   y - +1 robe {MR+}
rPois    +         Spirit   .   (helmet restricted)
rElec    .         Reflect  +   n - +0 cloak
rCorr    .         Harm     .   (gloves unavailable)
MR       +++..     NoTele   +   (boots unavailable)
Stlth    ..........             v - brooch of Shielding {Reflect SH+8}
HPRegen  0.27/turn              z - ring of poison resistance
MPRegen  0.13/turn              w - ring of protection from cold

@: berserking, very quick
A: very small, unfitting armour, see invisible, herbivore, speed 3, slow
metabolism 2
a: Berserk, Trog's Hand, Brothers in Arms, Renounce Religion


You were in the Dungeon.
You worshipped Trog.
Trog was exalted by your worship.
You were hungry.

You visited 1 branch You collected 1906 gold pieces.
You spent 1799 gold pieces at shops.

Inventory:

Hand Weapons
 b - the +6 dagger "Riwecvim" {protect, Str+2 Stlth+}
   (Trog gifted it to you in the Dungeon)

   It protects the one who uses it against injury (+AC on strike).
   It affects your strength (+2).
   It makes you more stealthy.
 c - a +2 rapier of protection
 m - a +2 rapier of electrocution (weapon)
 x - a +2 rapier of speed
 E - a +0 shortbow
 G - a +1 shortbow of velocity
 H - a +2 short sword of distortion
Missiles
 F - 10 arrows
Armour
 a - a +2 robe of the Archmagi
 n - a +0 cloak (worn)
 y - a +1 robe of magic resistance (worn)
Jewellery
 o - a +2 ring of evasion
 p - a +2 ring of evasion
 v - the brooch of Shielding (around neck) {Reflect SH+8}
   (You bought it in a shop in the Dungeon)

   [amulet of reflection]

   It shields you and reflects attacks.
   It affects your SH (+8).
 w - a ring of protection from cold (right hand)
 z - a ring of poison resistance (left hand)
 A - an uncursed ring of ice
Wands
 l - a wand of iceblast (3)
 q - a wand of digging (16)
Scrolls
 i - 5 scrolls of blinking
 k - 5 scrolls of remove curse
 r - 5 scrolls of enchant armour
 s - 5 scrolls of identify
 t - a scroll of fog
Potions
 d - 7 potions of curing
 e - 9 potions of heal wounds
 f - a potion of haste
 g - 4 potions of magic
 h - 3 potions of berserk rage
 j - a potion of invisibility
 B - a potion of resistance
 C - 2 potions of agility
 D - 3 potions of brilliance
Comestibles
 u - 5 rations


   Skills:
 - Level 12.1 Fighting
 - Level 19.2 Short Blades
 + Level 16.5 Bows
 - Level 19.1 Dodging
 - Level 16.0 Stealth


You had 11 spell levels left.
You didn't know any spells.

Dungeon Overview and Level Annotations

Branches:
Dungeon (1/1)

Altars:
Cheibriados
Dithmenos
Elyvilon
Fedhas
Gozag
Hepliaklqana
Kikubaaqudgha
Makhleb
Nemelex Xobeh
Okawaru
Qazlal
Ru
Sif Muna
Trog
Uskayaw
Vehumet
Wu Jian
Xom
Yredelemnul
Zin
The Shining One
Beogh
Jiyva
Lugonu

Shops:
D *:}=


Innate Abilities, Weirdness & Mutations

You are very small and have problems with some larger weapons.
You are too small for most types of armour.
You have supernaturally acute eyesight. (SInv)
You are a herbivore.
You cover ground extremely quickly.
You need to consume almost no food.


Message History

Trog accepts your kill.
Your Bows skill increases to level 16!
You are engulfed in spectral mist.
* * * LOW HITPOINT WARNING * * *
The spiny frog is engulfed in spectral mist.
The spiny frog dies!
The swamp drake is engulfed in spectral mist.
You puncture the spectral giant cockroach!
Lightning courses through the spectral giant cockroach!
You destroy the spectral giant cockroach!
You are engulfed in spectral mist.
* * * LOW HITPOINT WARNING * * *
The ghost crab breathes spectral mist at you.
The spectral mist engulfs the spectral adder.
You are engulfed in spectral mist.
* * * LOW HITPOINT WARNING * * *
The spectral adder closely misses you.
You see here a runed shortbow {god gift}.
You closely miss the spectral adder.
You are engulfed in spectral mist.
You die...

.▓.▓.▓.▓.▓.▓.▓.▓.▓
.▓.▓'▓.▓.▓.▓.▓.▓.▓
.▓.▓.▓.▓.▓.▓.▓.▓.▓
.▓.▓.▓.▓.▓.▓'▓.▓.▓
'▓.▓.▓.▓.▓.▓.▓.▓.▓
)▓.▓.▓.▓.▓.▓=▓.▓.▓
†▓.▓.▓.▓)▓.▓.▓.▓Z▓
.▓.▓)▓.▓)▓.▓÷▓.▓Z▓
.▓.▓)▓.▓)▓.▓(▓.▓@▓
.▓.▓.▓.▓)▓.▓)▓.♣§♣
'▓.▓.▓.▓[▓.▓)▓.♣k♣
_▓.▓.▓.▓)▓.▓)▓.♣Z♣
_▓.▓.▓.▓)▓.▓)▓.♣§♣
_▓.▓.▓.▓)▓.▓)▓.♣§♣
_▓.▓.▓.▓)▓.▓)▓.♣t♣
_▓.▓÷▓.▓)▓.▓)▓.♣t♣
_▓)▓÷▓.▓)▓.▓)▓.♣J♣


You could see an alligator, a ghost crab, a spectral leopard gecko, 2 spectral
adders and a swamp drake.

Vanquished Creatures
  Rupert (D)
  A fire giant (D)
  A very ugly thing (D)
  An ogre mage (D)
  An ice dragon (D)
  2 hydras (D)
  Erica (D)
  2 two-headed ogres (D)
  A deep troll earth mage (D)
  Urug (D)
  A tengu warrior (D)
  Sonja (D)
  An orc knight (D)
  An ugly thing (D)
  5 orc sorcerers (D)
  A cyclops (D)
  Psyche (D)
  A black mamba (D)
  4 spiny frogs (D)
  2 komodo dragons (D)
  A troll (D)
  A hippogriff (D)
  2 slime creatures (D)
  A wraith (D)
  A basilisk (D)
  A water moccasin (D)
  2 porcupines (D)
  3 orc warriors (D)
  An ogre (D)
  A centaur (D)
  2 crocodiles (D)
  2 bullfrogs (D)
  A scorpion (D)
  14 orc wizards (D)
  4 orc priests (D)
  3 worker ants (D)
  An adder skeleton (D)
  2 leopard geckos (D)
  8 orcs (D)
  A giant cockroach (D)
  A hobgoblin (D)
  A quokka (D)
  2 frilled lizards (D)
  2 rats (D)
88 creatures vanquished.

Vanquished Creatures (collateral kills)
  An orc knight (D)
  A spiny frog (D)
  A basilisk (D)
  A warg (D)
  A soldier ant (D)
  5 orc warriors (D)
  A water moccasin (D)
  7 wolves (D)
  A crocodile (D)
19 creatures vanquished.

Vanquished Creatures (others)
  A spiny frog (D)
1 creature vanquished.

Grand Total: 108 creatures vanquished

Notes
Turn   | Place    | Note
-------+----------+-------------------------------------------
     0 | D        | KillingSpree the Spriggan Berserker began the quest for the Orb.
     0 | D        | Reached XP level 1. HP: 11/11 MP: 2/2
    23 | D        | Reached ** piety under Trog
    35 | D        | Reached skill level 5 in Short Blades
   144 | D        | Noticed an ogre
   144 | D        | Noticed a worker ant
   144 | D        | Noticed a worker ant
   150 | D        | Reached *** piety under Trog
   155 | D        | Killed an ogre
   155 | D        | Reached skill level 10 in Short Blades
   155 | D        | Reached XP level 2. HP: 16/16 MP: 3/3
   155 | D        | Reached XP level 3. HP: 19/19 MP: 4/4
   155 | D        | Reached XP level 4. HP: 23/23 MP: 5/5
   162 | D        | Reached XP level 5. HP: 27/27 MP: 6/6
   203 | D        | Found a roughly hewn altar of Beogh.
   203 | D        | Found a snail-covered altar of Cheibriados.
   203 | D        | Found a shadowy altar of Dithmenos.
   203 | D        | Found a white marble altar of Elyvilon.
   203 | D        | Found a blossoming altar of Fedhas.
   203 | D        | Found an opulent altar of Gozag.
   204 | D        | Found a hazy altar of Hepliaklqana.
   205 | D        | Found a viscous altar of Jiyva.
   206 | D        | Found an ancient bone altar of Kikubaaqudgha.
   207 | D        | Found a corrupted altar of Lugonu.
   208 | D        | Found a burning altar of Makhleb.
   209 | D        | Found a sparkling altar of Nemelex Xobeh.
   210 | D        | Found an iron altar of Okawaru.
   211 | D        | Found a stormy altar of Qazlal.
   212 | D        | Found a sacrificial altar of Ru.
   213 | D        | Found a deep blue altar of Sif Muna.
   214 | D        | Found a bloodstained altar of Trog.
   215 | D        | Found a hide-covered altar of Uskayaw.
   216 | D        | Found a radiant altar of Vehumet.
   217 | D        | Found an ornate altar of the Wu Jian Council.
   218 | D        | Found a shimmering altar of Xom.
   219 | D        | Found a basalt altar of Yredelemnul.
   220 | D        | Found a glowing silver altar of Zin.
   221 | D        | Found a glowing golden altar of the Shining One.
   252 | D        | Reached **** piety under Trog
   253 | D        | Received a gift from Trog
   269 | D        | Noticed a troll
   269 | D        | Noticed a hippogriff
   269 | D        | Noticed a two-headed ogre
   275 | D        | Killed a troll
   275 | D        | Reached ***** piety under Trog
   275 | D        | Received a gift from Trog
   275 | D        | Reached skill level 5 in Fighting
   275 | D        | Reached XP level 6. HP: 35/35 MP: 7/7
   278 | D        | Killed a hippogriff
   278 | D        | Reached skill level 10 in Dodging
   278 | D        | Reached XP level 7. HP: 40/40 MP: 8/8
   282 | D        | Killed a two-headed ogre
   282 | D        | Reached XP level 8. HP: 40/46 MP: 9/9
   468 | D        | Noticed Psyche
   477 | D        | Killed Psyche
   477 | D        | Received a gift from Trog
   477 | D        | Reached skill level 15 in Short Blades
   550 | D        | Noticed an eight-headed hydra
   550 | D        | Noticed a black mamba
   550 | D        | Noticed a spiny frog
   551 | D        | Noticed a spiny frog
   556 | D        | Killed an eight-headed hydra
   556 | D        | Reached skill level 5 in Stealth
   556 | D        | Reached XP level 9. HP: 41/52 MP: 10/10
   559 | D        | Killed a black mamba
   568 | D        | Noticed a komodo dragon
   572 | D        | Killed a spiny frog
   572 | D        | Reached skill level 15 in Dodging
   576 | D        | Killed a spiny frog
   576 | D        | Reached ****** piety under Trog
   584 | D        | Killed a komodo dragon
   780 | D        | Noticed a spiny frog
   780 | D        | Noticed a spiny frog
   783 | D        | Received a gift from Trog
   788 | D        | Reached XP level 10. HP: 59/59 MP: 11/11
   789 | D        | Noticed a spiny frog
   792 | D        | Killed a spiny frog
   792 | D        | Reached skill level 10 in Fighting
   808 | D        | Killed a spiny frog
   808 | D        | Reached skill level 10 in Stealth
   820 | D        | Killed a spiny frog
   821 | D        | Received a gift from Trog
  1147 | D        | Noticed Erica
  1161 | D        | Killed Erica
  1161 | D        | Received a gift from Trog
  1233 | D        | Received a gift from Trog
  1272 | D        | Received a gift from Trog
  1336 | D        | Noticed an orc knight
  1345 | D        | Killed an orc knight
  1366 | D        | Received a gift from Trog
  1444 | D        | Noticed an orc knight
  1500 | D        | Killed an orc knight
  1652 | D        | Found Maodenaywn's Assorted Antiques.
  1652 | D        | Noticed an orc sorcerer
  1654 | D        | Received a gift from Trog
  1655 | D        | Found Gacoe's Book Shoppe.
  1656 | D        | Received a gift from Trog
  1657 | D        | Noticed an orc sorcerer
  1658 | D        | Killed an orc sorcerer
  1658 | D        | Reached XP level 11. HP: 65/65 MP: 12/12
  1659 | D        | Found Podal's Gadget Emporium.
  1661 | D        | Noticed an orc sorcerer
  1663 | D        | Found Oneureulay's Jewellery Shoppe.
  1665 | D        | Received a gift from Trog
  1667 | D        | Noticed an orc sorcerer
  1671 | D        | Noticed an orc sorcerer
  1671 | D        | Killed an orc sorcerer
  1677 | D        | Killed an orc sorcerer
  1682 | D        | Killed an orc sorcerer
  1683 | D        | Received a gift from Trog
  1689 | D        | Killed an orc sorcerer
  1695 | D        | Received a gift from Trog
  1704 | D        | Got a scorched dagger {god gift}
  1748 | D        | Bought the brooch of Shielding {Reflect SH+8} for 1381 gold pieces
  1748 | D        | Found the brooch of Shielding {Reflect SH+8}
  1754 | D        | Bought a scroll of enchant armour for 202 gold pieces
  1754 | D        | Bought a potion of curing for 81 gold pieces
  1754 | D        | Bought a potion of heal wounds for 135 gold pieces
  1777 | D        | Identified the +6 dagger "Riwecvim" {protect, Str+2 Stlth+} (Trog gifted it to you in the Dungeon)
  1811 | D        | Noticed Urug
  1818 | D        | Killed Urug
  1921 | D        | Noticed a tengu warrior
  1921 | D        | Noticed a purple ugly thing
  2230 | D        | Noticed a two-headed ogre
  2283 | D        | Killed a tengu warrior
  2283 | D        | Reached skill level 15 in Stealth
  2393 | D        | Killed a purple ugly thing
  2401 | D        | Killed a two-headed ogre
  2726 | D        | Noticed a fire giant
  2727 | D        | Noticed a deep troll earth mage
  2728 | D        | Noticed an ogre mage
  2729 | D        | Noticed an ice dragon
  2745 | D        | Killed a fire giant
  2754 | D        | Killed a deep troll earth mage
  2757 | D        | Killed an ogre mage
  2757 | D        | Received a gift from Trog
  2757 | D        | Reached XP level 12. HP: 51/71 MP: 13/13
  2772 | D        | Killed an ice dragon
  2923 | D        | Noticed Sonja
  2930 | D        | Killed Sonja
  2974 | D        | Noticed Rupert
  3064 | D        | Killed Rupert
  3064 | D        | Reached skill level 15 in Bows
  3172 | D        | Noticed a five-headed hydra
  3172 | D        | Noticed a ghost crab
  3172 | D        | Noticed an alligator
  3172 | D        | Noticed a white very ugly thing
  3180 | D        | Killed a five-headed hydra
  3180 | D        | Received a gift from Trog
  3188 | D        | Killed a white very ugly thing
  3190 | D        | HP: 3/106 [ghost crab] (6)]
  3191 | D        | Engulfed by a ghost crab's spectral mist

Vault maps used:
D:        linesprint

Skill      XL: |  1  2  3  4  5  6  7  8  9 10 11 12 |
---------------+-------------------------------------+-----
Short Blades   | 10 11 12 13 14 15 16 18 19 | 19.2
Fighting       | 5 6 7 8 9 11 12 | 12.1
Dodging        | 9 10 12 14 15 17 19 | 19.1
Stealth        | 5 9 12 16 | 16.0
Bows           | 11 16 | 16.5

Action                   |  1- 3 |  4- 6 |  7- 9 | 10-12 || total
-------------------------+-------+-------+-------+-------++-------
Melee: Short sword       |    40 |     6 |       |       ||    46
       Rapier            |       |    19 |    44 |   238 ||   301
       Dagger            |       |       |       |   141 ||   141
 Fire: Shortbow          |       |       |       |    22 ||    22
Invok: Berserk           |     1 |     1 |     3 |     5 ||    10
       Brothers in Arms  |       |       |       |     4 ||     4
       Trog's Hand       |       |       |       |     2 ||     2
Evoke: Wand              |       |       |       |     7 ||     7
 Stab: Sleeping          |       |     1 |       |     6 ||     7
       Distracted        |       |       |       |     1 ||     1
  Eat: Ration            |       |       |       |     6 ||     6
Armor: Animal skin       |     3 |       |       |       ||     3
       Robe              |       |       |       |     9 ||     9
Dodge: Dodged            |    23 |    19 |    28 |   177 ||   247
Block: Other             |       |       |       |    34 ||    34
       Reflection        |       |       |       |     1 ||     1

Table legend:
 A = Spawn XP
 B = Non-spawn XP
 C = Spawn XP percentage of total XP
 D = Spawn monster count
 E = Non-spawn monster count
 F = Spawn count percentage of total count
 G = Total turns spent on level
                    A         B        C        D         E        F      G
               +---------+---------+-------+---------+---------+-------+---------
         Total |       0 |   29112 |   0.0 |       0 |     107 |   0.0 |  3191
               +---------+---------+-------+---------+---------+-------+---------
             D |       0 |   29112 |   0.0 |       0 |     107 |   0.0 |  3191
               +---------+---------+-------+---------+---------+-------+---------
